Description

自用

Replay - pvz标准防守12d后续

Build Order

Get SALT Encoding   

  12  0:00  Probe  
  13  0:12  Probe  
  14  0:20  Pylon  
  14  0:27  Probe  
  15  0:39  Gateway, Probe (Chrono Boost)  
  16  0:49  Assimilator  
  17  0:50  Probe x2 (Chrono Boost)  
  18  1:05  Probe  
  19  1:18  Probe  
  20  1:27  Zealot (Chrono Boost)  
  20  1:28  Gateway  
  20  1:30  Cybernetics Core  
  21  1:34  Pylon  
  21  1:39  Probe  
  22  1:52  Zealot (Chrono Boost)  
  24  2:16  Adept x2 (Chrono Boost)  
  28  2:24  Nexus  
  28  2:28  Warp Gate  
  28  2:35  Assimilator  
  28  2:39  Probe  
  28  2:40  Pylon  
  29  2:48  Stalker  
  32  3:06  Twilight Council  
  34  3:20  Adept  
  37  3:37  Robotics Facility  
  41  4:00  Dark Shrine  
  43  4:12  Assimilator  
  44  4:22  Gateway x2  
  45  4:30  Pylon  
  47  4:36  Warp Prism (Chrono Boost)  
  51  4:50  Assimilator  
  53  5:02  Pylon  
  55  5:31  Dark Templar x4  
  55  5:33  Charge  
  55  5:35  Gateway x2  
  63  5:43  Immortal (Chrono Boost)  
  67  5:57  Gateway x2  
  67  6:12  Immortal (Chrono Boost)  
  67  6:13  Gateway x2  
  71  6:34  Archon x2  
  71  6:41  Dark Templar x2  
  71  6:44  Zealot  
  77  7:04  Immortal (Chrono Boost)  
  81  7:11  Sentry x2  
  81  7:14  Zealot x4  
  93  7:31  Dark Templar, Archon  
  93  7:33  Observer (Chrono Boost)  
  96  7:47  Dark Templar  
  96  7:48  Zealot x3  
  110  7:55  Archon  
Spawning Tool Build Advisor. Get it on Overwolf

Go to:

Details

  • Created by: TwingsO
  • Published on: Mar 06, 2023
  • Modified on: Mar 06, 2023
  • Patch: 5.0.11
  • Difficulty: Medium
Show
View Real Time Build Order
Export as new Build Order

Comments (0)

There are no comments. Be the first!

Create an account to comment!